[Event "EIRCC 2019"]
[Site "Tallinn"]
[Date "2019.12.06"]
[Round "13.8"]
[White "Lintchevski, Daniil"]
[Black "Demidov, Mikhail"]
[Result "1/2-1/2"]
[ECO "B06"]
[WhiteElo "2515"]
[BlackElo "2635"]
[Annotator "RC"]
[PlyCount "98"]
[EventDate "2019.12.05"]
[EventType "swiss"]
[EventCountry "EST"]
[SourceTitle "playchess.com"]
[Source "ChessBase"]
[SourceQuality "1"]
[TimeControl "900+10"]

1. e4 g6 2. d4 Bg7 3. Nf3 a6 4. Bd3 d6 5. c3 Nc6 6. O-O e5 7. dxe5 dxe5 8. Qe2 Nf6 9. Nbd2 O-O 10. Nc4 Qe7 11. b3 Rd8 12. Ba3 Qe8 13. Ne3 h6 14. Rad1 Be6 15. Bc2 Bf8 16. Bc1 Rxd1 17. Rxd1 Rd8 18. h3 Kh7 19. Nh2 Rxd1+ 20. Qxd1 Qd8 21. Qxd8 Nxd8 22. Nhg4 Nd7 23. Nd5 Bxd5 24. exd5 f5 25. Ne3 Nf6 26. c4 Bc5 27. g4 f4 28. Nf1 c6 29. dxc6 Nxc6 30. Nd2 Nd4 31. Bd1 Kg7 32. Kf1 Kf7 33. Bb2 Ke6 34. Bxd4 exd4 35. Bc2 g5 36. Ke2 Kd6 37. Bf5 b6 38. Kd3 Ng8 39. Nf3 Ne7 40. Be4 a5 41. h4 gxh4 42. Nxh4 Ke5 43. Nf3+ Kf6 44. Bb7 Ng6 45. Be4 Ne5+ 46. Nxe5 Kxe5 47. f3 Bb4 48. Bc6 Bc5 49. Be4 Bb4 1/2-1/2

[Event "EIRCC 2019"]
[Site "Tallinn"]
[Date "2019.12.06"]
[Round "13.10"]
[White "Lobanov, Sergei"]
[Black "Sanal, Vahap"]
[Result "1/2-1/2"]
[ECO "C88"]
[WhiteElo "2483"]
[BlackElo "2597"]
[Annotator "ChessBase"]
[PlyCount "297"]
[EventDate "2019.12.05"]
[EventType "swiss"]
[EventCountry "EST"]
[SourceTitle "playchess.com"]
[Source "ChessBase"]
[SourceQuality "1"]
[TimeControl "900+10"]

1. e4 e5 2. Nf3 Nc6 3. Bb5 a6 4. Ba4 Nf6 5. O-O Be7 6. Re1 b5 7. Bb3 O-O 8. a4 Bb7 9. d3 d6 10. c3 Na5 11. Bc2 c5 12. Nbd2 Nc6 13. Nf1 Re8 14. Ng3 g6 15. d4 cxd4 16. cxd4 Nxd4 17. Nxd4 exd4 18. Qxd4 Rc8 19. Bd3 d5 20. e5 Ne4 21. b4 a5 22. Ba3 bxa4 23. bxa5 Bxa3 24. Rxa3 Qxa5 25. Rea1 Nc5 26. Bc2 Qc7 27. Bxa4 Rxe5 28. Rc3 Qe7 29. Bb5 Re1+ 30. Rxe1 Qxe1+ 31. Bf1 Qe7 32. h4 h5 33. Be2 Ne6 34. Rxc8+ Bxc8 35. Qxd5 Qxh4 36. Qc6 Qd8 37. Bc4 Nf4 38. Ne4 Be6 39. Bxe6 Nxe6 40. Nd6 Qf6 41. Qc8+ Kh7 42. Qd7 Ng5 43. Nc4 Ne4 44. Qa7 Nc3 45. Qe3 Nd1 46. Qd2 Nc3 47. Ne3 Ne4 48. Qc2 Qa1+ 49. Kh2 Qe5+ 50. Kg1 Qa1+ 51. Kh2 Qd4 52. Kg1 Nf6 53. Qa2 Kg7 54. Qc2 Qb4 55. Qe2 Qb1+ 56. Kh2 Qb8+ 57. Kg1 Qe5 58. Qc2 Ne4 59. Nf1 h4 60. Qe2 Qf5 61. Qb2+ Kh7 62. Qd4 g5 63. Nd2 Nf6 64. Nf1 Ne4 65. Nd2 Nc5 66. Nf1 Ne6 67. Qe3 Qb1 68. Qf3 Kg6 69. Qc6 Qa1 70. Qe4+ Kg7 71. Qf5 Kg8 72. g3 hxg3 73. fxg3 Qc1 74. Qe5 Qc4 75. Kf2 Qc2+ 76. Qe2 Qc5+ 77. Qe3 Qd5 78. Qf3 Qc5+ 79. Qe3 Nd4 80. Nd2 Qf5+ 81. Kg2 Nc2 82. Qe4 Qc5 83. Qe8+ Kg7 84. Ne4 Qf5 85. Nf2 Qc5 86. Ne4 Qd5 87. Qg8+ Kh6 88. Qf8+ Kg6 89. Qd6+ Qxd6 90. Nxd6 Kf6 91. Kf3 Ke6 92. Ne4 f6 93. g4 Ke5 94. Ng3 Nd4+ 95. Ke3 Nc2+ 96. Kf3 Nb4 97. Ke3 Nc6 98. Nh5 Ke6 99. Kf3 Ne5+ 100. Kg3 Nd7 101. Ng7+ Ke5 102. Kf3 Kd5 103. Nh5 Kd4 104. Ng7 Ne5+ 105. Kg3 Ke3 106. Nf5+ Ke2 107. Nd6 Nd7 108. Ne8 Ke3 109. Nd6 Nc5 110. Nf5+ Ke4 111. Nd6+ Ke3 112. Nf5+ Ke2 113. Nd6 Nd7 114. Nf5 Nb6 115. Nd4+ Kd3 116. Nf5 Nc4 117. Ne7 Ke4 118. Ng8 Ke5 119. Kf3 Ke6 120. Nh6 Nd6 121. Ke3 Ke7 122. Kd4 Ke6 123. Ke3 Nf7 124. Nxf7 Kxf7 125. Kf3 Ke7 126. Ke3 Kf8 127. Kf2 Ke8 128. Ke2 Kd8 129. Kd2 Kc7 130. Kc3 Kb6 131. Kb4 Kb7 132. Kb3 Kb8 133. Kb2 Ka8 134. Ka2 Ka7 135. Ka3 Ka6 136. Ka4 Kb7 137. Kb3 Kc6 138. Kc4 Kd6 139. Kd4 Ke7 140. Ke3 Kf7 141. Kf3 Kg8 142. Kg2 Kg7 143. Kg3 Kf8 144. Kf2 Ke7 145. Ke3 Kd7 146. Kd3 Kc6 147. Kc4 Kc7 148. Kc3 Kb6 149. Kb4 1/2-1/2